 Dungeon Crawl Stone Soup version 0.14.1-26-g5a19342 (webtiles) character file.

117 Kae the Vexing (level 3, 0/16 HPs)
             Began as a Spriggan Enchanter on Aug 1, 2014.
             Slain by a kobold (1 damage)
             ... on Level 2 of the Dungeon.
             The game lasted 00:02:19 (1131 turns).

Kae the Vexing (Spriggan Enchanter)                 Turns: 1131, Time: 00:02:20

HP   0/16        AC  3     Str  5      XL: 3   Next:  8%
MP   3/9         EV 18     Int 16      God:
Gold 85          SH  0     Dex 16      Spells:  2 memorised,  4 levels left

rFire  . . .     SeeInvis +     n - -2,-3 dagger (curse)
rCold  . . .     Clarity  .     b - +1 robe
rNeg   . . .     Conserve .     (shield restricted)
rPois  .         rCorr    .     (helmet restricted)
rElec  .         rRot     .     (no cloak)
SustAb . .       Spirit   .     (gloves unavailable)
rMut   .         Warding  .     (boots unavailable)
Saprov . . .     Stasis   .     (no amulet)
MR     .....                    (no ring)
                                (no ring)

@: very quick, not resistant to hostile enchantments, stealthy
A: unfitting armour, see invisible, herbivore 3, speed 3, slow metabolism 2
a: no special abilities


You were on level 2 of the Dungeon.
You were not hungry.

You visited 1 branch of the dungeon, and saw 2 of its levels.

You collected 85 gold pieces.

Inventory:

Hand weapons
 a - a +1,+1 dagger
 n - a cursed -2,-3 dagger (weapon)
Missiles
 d - 10 darts (quivered)
Armour
 b - a +1 robe (worn)
Comestibles
 h - a choko
Scrolls
 f - 2 scrolls of identify
Jewellery
 l - an uncursed ring of ice
Potions
 e - a potion of porridge
 i - a potion of confusion {unknown}
 j - 2 potions of curing {unknown}
 k - a potion of restore abilities
 m - a potion of might {unknown}
Books
 c - a book of Maledictions

   Spells                             Type                      Level
   *Corona                            Hexes                        1
   Sure Blade                         Hexes/Charms                 2
   *Ensorcelled Hibernation           Hexes/Ice                    2
   Confuse                            Hexes                        3
   Enslavement                        Hexes                        4
   Invisibility                       Hexes                        6


   Skills:
 * Level 2.3 Short Blades
 - Level 1.1 Throwing
 - Level 3.0 Dodging
 * Level 3.7 Stealth
 + Level 2.9 Spellcasting
 + Level 4.0 Hexes


You had 4 spell levels left.
You knew the following spells:

 Your Spells              Type           Power        Failure   Level  Hunger
a - Corona                Hex            ###....      4%          1    #......
b - Ensorcelled Hibernat  Hex/Ice        #.....       14%         2    ##.....


Dungeon Overview and Level Annotations

Branches:
Dungeon (2/15)

Altars:
The Shining One


Innate Abilities, Weirdness & Mutations

You are tiny and cannot use many weapons and most armour.
You have supernaturally acute eyesight.
You are a herbivore.
You cover ground extremely quickly.
You need consume almost no food.


Message History

You hit the kobold but do no damage.
The kobold is severely wounded.
The kobold closely misses you.
You hit the kobold but do no damage.
The kobold is severely wounded.
The kobold completely misses you.
There is a stone staircase leading up here.
Throwing (i - inventory):
d - 12 darts (quivered)
Press: ? - help, Shift-Dir - straight line, f - kobold
Aim: a kobold (heavily wounded)
You throw a dart. The dart misses the kobold.
The dart hits the giant newt.
The giant newt is severely wounded.
Your magical contamination has completely faded away.
Throwing (i - inventory):
d - 11 darts (quivered)
Press: ? - help, Shift-Dir - straight line, f/p - kobold
Aim: a kobold (heavily wounded)
You throw a dart. The dart hits the kobold.
The kobold is heavily wounded.
The kobold hits you.
You die...

#.# ## . #.##.
.. # #.#. .#
#.##.##%.#.#.#
#......)....#
#(# #l# # #K#
.# #@##.## #
#.#...#
#..##...#
#....%.##
#.####..#
#...# ..##
##.. .##


You could see a kobold and a giant newt.

Vanquished Creatures
  An adder (D:2)
  A giant gecko (D:1)
  2 bats (D:1)
  A giant cockroach (D:1)
  4 hobgoblins
  2 kobolds (D:1)
  A ball python (D:1)
  2 giant newts (D:1)
  3 goblins
  4 rats (D:1)
21 creatures vanquished.

Notes
Turn   | Place    | Note
--------------------------------------------------------------
     0 | D:1      | Kae, the Spriggan Enchanter, began the quest for the Orb.
     0 | D:1      | Reached XP level 1. HP: 9/9 MP: 4/4
   229 | D:1      | Found a glowing golden altar of the Shining One.
   271 | D:1      | Reached XP level 2. HP: 1/13 MP: 7/7
   610 | D:1      | Learned a level 2 spell: Ensorcelled Hibernation
  1081 | D:2      | Reached XP level 3. HP: 6/16 MP: 7/9
  1105 | D:2      | Reached skill level 4 in Hexes
  1131 | D:2      | Slain by a kobold

Action                   || total
-------------------------++-------
Melee: Dagger            ||    97
Throw: Dart              ||     6
 Cast: Corona            ||     4
       Ensorcelled Hiber ||     4
  Use: Scroll            ||     2
 Stab: Sleeping          ||     4
       Distracted        ||     1
